 Dungeon Crawl Stone Soup version 0.32-a0-994-gabb26cbae4 (webtiles) character file.

Game seed: 2590573147270590287

207 waddelsworth the Chopper (level 5, -5/47 HPs)
             Began as a Minotaur Berserker on Apr 22, 2024.
             Was a Priest of Trog.
             Killed by a malign offering
             ... invoked by a burial acolyte
              (13 damage)
             ... in an ossuary.
             The game lasted 00:05:14 (2129 turns).

waddelsworth the Chopper (Minotaur Berserker)       Turns: 2129, Time: 00:05:15

Health: -5/47      AC:  5    Str: 24    XL:     5   Next: 54%
Magic:  4/4        EV: 11    Int:  4    God:    Trog [***...]
Gold:   263        SH:  0    Dex: 15    Spells: 4/4 levels left

rFire   . . .        a - +0 hand axe
rCold   . . .        (no shield)
rNeg    . . .        p - +0 ring mail
rPois   +            (helmet restricted)
rElec   .            (no cloak)
rCorr   .            (no gloves)
SInv    .            (no boots)
Will    .....        (no amulet)
Stlth   +            q - ring of poison resistance
HPRegen 0.27/turn    u - +6 ring of dexterity
MPRegen 0.09/turn

%: no passive effects
@: no status effects
A: horns 2, retaliatory headbutt
a: Renounce Religion, Berserk, Trog's Hand


You were in an ossuary.
You worshipped Trog.
Trog was most pleased with you.
You visited 1 branch of the dungeon, and saw 4 of its levels.
You also visited: Ossuary.

You collected 263 gold pieces.

Inventory:

Hand Weapons
 a - a +0 hand axe (weapon)
Missiles
 k - 2 throwing nets (quivered)
Armour
 p - a +0 ring mail (worn)
Jewellery
 q - a ring of poison resistance (left hand)
 u - a +6 ring of dexterity (right hand)
Scrolls
 b - 3 scrolls of teleportation {unknown}
 e - 2 scrolls of amnesia {unknown}
 j - 2 scrolls of fog {unknown}
 l - a scroll of revelation {unknown}
 o - a scroll of immolation {unknown}
 v - a scroll of vulnerability {unknown}
 w - a scroll of identify {unknown}
 x - a scroll of enchant armour {unknown}
Potions
 c - a potion of degeneration
 d - 2 potions of enlightenment {unknown}
 f - a potion of mutation {unknown}
 g - 2 potions of curing {unknown}
 h - a potion of attraction {unknown}
 i - a potion of brilliance {unknown}
 m - a potion of lignification {unknown}
 n - 4 potions of heal wounds {unknown}
 r - a potion of ambrosia {unknown}
 s - a potion of haste {unknown}
 t - 2 potions of resistance {unknown}


   Skills:
 + Level 4.9 Fighting
 + Level 4.9 Axes
 + Level 4.1 Armour
 + Level 3.7 Dodging


You had 4 spell levels left.
You didn't know any spells.
Your spell library was empty.

Dungeon Overview and Level Annotations

Branches:
Dungeon (4/15)            Ossuary (1/1)
 Temple: D:4-7

Altars:
Makhleb

Shops:
D:2 [


Innate Abilities, Weirdness & Mutations

You have a pair of horns on your head.
You reflexively headbutt those who attack you in melee.


Message History

The burial acolyte is moderately wounded.
The burial acolyte utters a dark prayer and points at you.
Your life force is offered up.
The burial acolyte is healed.
You miss the burial acolyte.
The burial acolyte is lightly wounded.
The burial acolyte hits you but does no damage.
You hit the burial acolyte but do no damage.
The burial acolyte is lightly wounded.
The burial acolyte hits you but does no damage.
You barely miss the burial acolyte.
The burial acolyte is lightly wounded.
The burial acolyte hits you with a +0 dagger.
You hit the burial acolyte.
The burial acolyte is moderately wounded.
The burial acolyte hits you with a +0 dagger.
You slash the burial acolyte!
The burial acolyte is severely wounded.
The burial acolyte misses you.
You closely miss the burial acolyte.
The burial acolyte is severely wounded.
The burial acolyte hits you but does no damage.
The burial acolyte utters a dark prayer and points at you.
Your life force is offered up.
The burial acolyte is healed.
You hit the burial acolyte.
The burial acolyte is severely wounded.
The burial acolyte utters a dark prayer and points at you.
Your life force is offered up.
* * * LOW HITPOINT WARNING * * *
The burial acolyte is healed.
You hit the burial acolyte.
The burial acolyte is severely wounded.
The burial acolyte hits you but does no damage.
You barely miss the burial acolyte.
The burial acolyte is severely wounded.
The burial acolyte hits you but does no damage.
You hit the burial acolyte.
The burial acolyte is almost dead.
The burial acolyte utters a dark prayer and points at you.
Your life force is offered up.
You die...

#### #.!! .!? #.#
###+### #.###
##.....## ##Mp@#
##.......###..#.#
+.........'...#.#
+....⌠....'.#.###
+.........'...#.#
##..^....###..#.#
##.....## ##''.#
##'#'## #.###
#...# ##.##


You could see a mummy and a burial acolyte.

Vanquished Creatures
  A human zombie (Ossuary)
  Natasha (thrice) (D:2)
  A mummy (D:4)
  3 adders
  2 dart slugs
  7 ball pythons
  4 bats
  4 endoplasms
  4 giant cockroaches
  A gnoll zombie (Ossuary)
  4 goblins
  4 hobgoblins
  2 jackals (D:1)
  8 kobolds
  A quokka (D:2)
  2 frilled lizards (D:2)
  A kobold zombie (Ossuary)
  An orc zombie (Ossuary)
  7 rats
60 creatures vanquished.

Notes
Turn   | Place    | Note
-------+----------+-------------------------------------------
     0 | D:1      | waddelsworth the Minotaur Berserker began the quest for the
                  | Orb.
     0 | D:1      | Reached XP level 1. HP: 19/19 MP: 0/0
   100 | D:1      | Reached XP level 2. HP: 13/27 MP: 1/1
   832 | D:2      | Found Tila's Armour Emporium.
   832 | D:2      | Noticed Natasha
   835 | D:2      | Reached XP level 3. HP: 32/33 MP: 2/2
   837 | D:2      | Killed Natasha
   855 | D:2      | Reached ** piety under Trog
   951 | D:2      | Noticed Natasha
   957 | D:2      | Killed Natasha
   958 | D:2      | Reached XP level 4. HP: 38/41 MP: 3/3
  1134 | D:2      | Noticed Natasha
  1150 | D:2      | Killed Natasha
  1386 | D:3      | Found a burning altar of Makhleb.
  1466 | D:3      | Reached XP level 5. HP: 45/47 MP: 4/4
  1638 | D:3      | Found a faded altar of an unknown god.
  2043 | D:4      | Found a sand-covered staircase.
  2053 | Ossuary  | Entered an ossuary
  2112 | Ossuary  | Reached *** piety under Trog
  2129 | Ossuary  | Killed from afar by a burial acolyte

Illustrated notes

Levels and vault maps discovered:
D:1:      scummos_arrival_hexagon, layout_loops_cross, st_stairs_8,
          minmay_strange_pillars
D:2:      layout_rooms, serial_shops, shop, uniq_natasha
D:3:      minmay_wonky_spiral, layout_rooms, amcnicky_altar_gilded,
          dreamdust_ecumenical_altar_angels_and_demons
D:4:      layout_loops_corners, mainiacjoe_overflow_divided_tiny,
          gup_ossuary_entry_pyramid, minmay_door_square, nicolae_grassy_gnolls
Ossuary:  ossuary_crypta

Skill      XL: |  1  2  3  4  5 |
---------------+----------------+-----
Axes           | 4 |  4.9
Fighting       | 4 |  4.9
Armour         | 3 4 |  4.1
Dodging        | 3 |  3.7

Action                     |  1- 3 |  4- 6 || total
---------------------------+-------+-------++-------
  Melee: Hand axe          |    70 |   114 ||   184
         Headbutt          |    12 |     6 ||    18
 Armour: Animal skin       |    10 |       ||    10
         Leather armour    |    41 |       ||    41
         Ring mail         |       |    87 ||    87
  Dodge: Dodged            |    29 |    45 ||    74

Table legend: (Time is in decaauts)
 A = Elapsed time spent in this place.
 B = Non-inter-level travel time spent in this place.
 C = Inter-level travel time spent in this place.
 D = Time resting spent in this place.
 E = Time spent auto-exploring this place.
 F = Levels seen in this place.
 G = Mean time per level.
                   A        B        C        D        E       F      G
               +--------+--------+--------+--------+--------+-----+--------+
         Total |   2152 |   2069 |     83 |      0 |   1459 |   5 |  430.4 |
       Dungeon |   2075 |   1992 |     83 |      0 |   1459 |   4 |  518.8 |
       Ossuary |     77 |     77 |      0 |      0 |      0 |   1 |   77.0 |
               +--------+--------+--------+--------+--------+-----+--------+

Top non-repeatable levels by time:
     D:1: 817 daAuts
     D:3: 582 daAuts
     D:2: 502 daAuts
     D:4: 172 daAuts
 Ossuary: 77 daAuts
